 Dungeon Crawl Stone Soup version 0.21.1-1-g345015f (webtiles) character file.

60928 inc the Tainter (level 15, -21/99 HPs)
             Began as an Octopode Venom Mage on June 12, 2018.
             Was an Initiate of Gozag.
             Demolished by an alligator snapping turtle (46 damage)
             ... on level 1 of the Shoals.
             The game lasted 01:21:45 (31593 turns).

inc the Tainter (Octopode Venom Mage)              Turns: 31593, Time: 01:21:46

Health: -21/99     AC:  5    Str:  8    XL:     15   Next: 1%
Magic:  42/49      EV: 17    Int: 26    God:    Gozag
Gold:   2811       SH:  7    Dex: 12    Spells: 7/38 levels left

rFire    . . .     SeeInvis .   n - +3 dagger (elec)
rCold    . . .     Gourm    +   r - +2 buckler
rNeg     + . .     Faith    .   (helmet restricted)
rPois    +         Spirit   .   g - amulet of the gourmand
rElec    .         Reflect  .   u - ring of stealth
rCorr    .         Harm     .   v - ring of poison resistance
MR       ++...                  D - +2 ring of protection
Stlth    +++++.....             y - ring of positive energy
HPRegen  0.26/turn              k - ring "Axkoim" {MR+ MP+9}
MPRegen  0.31/turn              N - ring of magical power
                                (no ring)
                                (no ring)

@: no status effects
A: almost no armour, stealthy swim, amphibious, 8 rings, constrict 8, icy blue
scales 1, camouflage 1, clever 1, poison resistance, gelatinous body 1
a: Potion Petition, Call Merchant, Bribe Branch, Renounce Religion


You were on level 1 of the Shoals.
You worshipped Gozag.
Gozag was most pleased with you.
You were full.

You visited 6 branches of the dungeon, and saw 23 of its levels.
You also visited: Labyrinth.

You collected 6064 gold pieces.
You spent 2040 gold pieces at shops.
You paid 1213 gold pieces to Gozag.

Inventory:

Hand Weapons
 n - a +3 dagger of electrocution (weapon)
Armour
 l - the +4 shield of the Loofah {Int+2 Dex+6}
   (You bought it in a shop on level 2 of the Orcish Mines)

   It affects your intelligence (+2).
   It affects your dexterity (+6).
 r - a +2 buckler (worn)
Jewellery
 g - an amulet of the gourmand (around mantle)
 k - the ring "Axkoim" (on tentacle) {MR+ MP+9}
   (You bought it in a shop on level 6 of the Lair of Beasts)

   [ring of magical power]

   It affects your resistance to hostile enchantments.
   It affects your magic capacity (+9).
 u - a ring of stealth (left tentacle)
 v - a ring of poison resistance (right tentacle)
 w - an uncursed amulet of faith
 y - a ring of positive energy (on tentacle)
 A - a -2 ring of strength
 D - a +2 ring of protection (on tentacle)
 J - an uncursed ring of ice
 N - a ring of magical power (on tentacle)
Wands
 C - a wand of random effects (38)
Scrolls
 d - a scroll of fear
 e - 6 scrolls of remove curse
 h - a scroll of immolation
 j - 3 scrolls of summoning
 o - a scroll of vulnerability {unknown}
 t - 2 scrolls of enchant weapon
 B - 4 scrolls of amnesia
 E - 3 scrolls of fog
 K - 2 scrolls of blinking
 L - 3 scrolls of identify
 T - 2 scrolls of magic mapping
 V - a scroll of enchant armour {unknown}
 X - a scroll of noise {unknown}
Potions
 b - a potion of magic
 f - 2 potions of curing
 i - 2 potions of lignification
 m - a potion of mutation
 p - 6 potions of brilliance
 q - a potion of degeneration
 s - 2 potions of flight
 x - a potion of berserk rage
 M - 2 potions of agility
 Y - a potion of heal wounds
Books
 a - a Young Poisoner's Handbook

   Spells                             Type                      Level
   a - Sting                          Conjuration/Poison           1
   b - Poisonous Vapours              Poison/Air                   2
   c - Mephitic Cloud                 Conjuration/Poison/Air       3
   d - Olgreb's Toxic Radiance        Poison                       4
   e - Venom Bolt                     Conjuration/Poison           5
 z - a book of the Earth

   Spells                             Type                      Level
   a - Leda's Liquefaction            Hexes/Earth                  4
   b - Bolt of Magma                  Conjuration/Fire/Earth       5
   c - Statue Form                    Transmutation/Earth          6
   d - Iron Shot                      Conjuration/Earth            6
   e - Shatter                        Earth                        9
 O - a book of Cantrips

   Spells                             Type                      Level
   a - Confusing Touch                Hexes                        1
   b - Animate Skeleton               Necromancy                   1
   c - Summon Small Mammal            Summoning                    1
   d - Apportation                    Translocation                1
 R - a book of Unlife

   Spells                             Type                      Level
   a - Recall                         Summoning/Translocation      3
   b - Animate Dead                   Necromancy                   4
   c - Borgnjor's Vile Clutch         Necromancy/Earth             5
   d - Death Channel                  Necromancy                   6
   e - Simulacrum                     Ice/Necromancy               6
 U - a book of Changes

   Spells                             Type                      Level
   a - Beastly Appendage              Transmutation                1
   b - Sticks to Snakes               Transmutation                2
   c - Spider Form                    Transmutation/Poison         3
   d - Ice Form                       Ice/Transmutation            4
   e - Blade Hands                    Transmutation                5
Miscellaneous
 F - a lamp of fire
 Q - a crystal ball of energy
Comestibles
 c - 5 rations


   Skills:
 - Level 7.7 Fighting
 - Level 4.1 Short Blades
 - Level 7.7 Dodging
 - Level 7.2 Stealth
 - Level 4.4 Shields
 + Level 12.0 Spellcasting
 - Level 9.7 Conjurations
 - Level 5.5 Necromancy
 - Level 4.4 Fire Magic
 - Level 8.6 Earth Magic
 - Level 13.7 Poison Magic


You had 7 spell levels left.
You knew the following spells:

 Your Spells              Type           Power        Failure   Level  Hunger
a - Sting                 Conj/Pois      ####         1%          1    None
b - Poisonous Vapours     Pois/Air       ######       1%          2    None
c - Mephitic Cloud        Conj/Pois/Air  ######..     1%          3    None
d - Olgreb's Toxic Radia  Pois           ######..     1%          4    None
e - Venom Bolt            Conj/Pois      ######....   1%          5    ###....
f - Iron Shot             Conj/Erth      ######....   13%         6    #####..
g - Borgnjor's Vile Clut  Necr/Erth      ######....   5%          5    ###....
h - Bolt of Magma         Conj/Fire/Erth ######....   4%          5    ###....


Dungeon Overview and Level Annotations

Branches:
Dungeon (12/15)            Temple (1/1) D:7            Lair (6/6) D:8
 Shoals (1/4) Lair:2        Snake (1/4) Lair:3        Slime (0/5) Lair:5
    Orc (2/2) D:12            Elf (0/3) Orc:2

Altars:
Ashenzari
Cheibriados
Dithmenos
Elyvilon
Fedhas
Gozag
Hepliaklqana
Kikubaaqudgha
Makhleb
Nemelex Xobeh
Okawaru
Qazlal
Ru
Sif Muna
Trog
Uskayaw
Vehumet
Wu Jian
Xom
Yredelemnul
Zin
The Shining One
Beogh

Shops:
D:4 :   D:6 ?   D:9 [   Orc:2 [[(}   Lair:6 %=

Portals:
Trove: D:10 (give 2 scrolls of acquirement)

Annotations:
D:6 Grinder; w0lly's ghost, novice GnWn
D:12 Sonja
Lair:3 kalagan's ghost, journeyman DESu


Innate Abilities, Weirdness & Mutations

You cannot wear most types of armour.
You are very stealthy in the water. (Stealth+)
You are amphibious.
You can wear up to eight rings at the same time.
You can use your tentacles to constrict eight enemies at once.
Your skin changes colour to match your surroundings (Stealth+).
Your rubbery body absorbs attacks. (AC +1, EV +1)
You are partially covered in icy blue scales. (AC +2)
Your mind is acute. (Int +2)
Your system is resistant to poisons. (rPois)


Message History

Aim: an alligator snapping turtle (lightly wounded, poisoned)
The ball explodes into a vile cloud!
The stinking cloud engulfs the alligator snapping turtle.
The alligator snapping turtle is lightly wounded.
The sea snake hisses angrily.
The alligator snapping turtle is engulfed in noxious fumes.
The sea snake is engulfed in noxious fumes.
The sea snake appears confused.
Casting: Mephitic Cloud
Confirm with . or Enter, or press ? or * to list all spells.
Aiming: Mephitic Cloud
Press: ? - help, Shift-Dir - straight line, f/p - alligator snapping turtle
Aim: an alligator snapping turtle (lightly wounded, poisoned)
The ball explodes into a vile cloud!
The stinking cloud engulfs the alligator snapping turtle.
The alligator snapping turtle is lightly wounded.
The alligator snapping turtle is engulfed in noxious fumes.
The alligator snapping turtle bites you from afar!!!
You die...
Your body crumbles into a pile of gold.

.... ......## #..≈
.... ......###..≈≈
.... .........≈≈≈ #..
..≈≈...≈≈≈≈ #...
.≈≈≈≈≈≈≈≈≈
###...######..≈≈≈≈≈≈≈
.........##§§≈≈≈≈≈≈≈≈
.......@$t..§<.≈≈≈≈≈≈
≈≈≈≈....§§§§§.S≈≈≈≈≈≈
≈≈≈≈≈....≈≈...≈≈≈≈≈≈≈
≈≈≈≈≈.....≈...≈≈≈≈≈≈≈
≈≈≈≈≈≈...≈≈..≈≈≈≈≈≈≈≈
≈≈≈≈≈≈≈≈≈≈≈≈≈≈≈≈≈≈≈≈≈
≈≈≈≈≈≈≈≈≈≈≈≈≈≈≈≈≈≈≈≈≈
≈≈≈≈≈≈≈≈≈≈≈≈≈≈≈≈≈≈≈≈≈


You could see an alligator snapping turtle and a sea snake (confused).

Vanquished Creatures
  Snorg (D:12)
  A minotaur (Lab)
  Harold (Lair:4)
  2 hydras
  A catoblepas (Lair:4)
  The ghost of w0lly the Spear-Bearer, a journeyman GnWn of Kikubaaqudgha (Orc:1)
  2 ogre magi (Orc:2)
  13 two-headed ogres
  3 death yaks (Lair:6)
  Urug (Lair:3)
  The ghost of kae the Insei, a novice OpTm of Makhleb (D:8)
  2 deep trolls (Orc:2)
  An orc knight (Orc:1)
  A wolf spider (Lair:6)
  An ugly thing (D:11)
  2 cyclopes (Orc:2)
  A manticore (D:11)
  6 black mambas (Lair:6)
  4 elephants
  A guardian serpent (Lair:6)
  19 spiny frogs
  4 komodo dragons
  8 trolls
  4 hornets
  2 polar bears
  6 dream sheep (Lair:5)
  15 blink frogs
  3 slime creatures (Lair:5)
  11 hippogriffs
  2 spriggans (Lair:3)
  A redback (Lair:6)
  12 wyverns
  A hungry ghost (D:12)
  32 yaks
  8 basilisks
  4 wargs
  A soldier ant (D:12)
  17 water moccasins
  3 porcupines
  3 ice beasts
  2 black bears
  7 orc warriors
  2 necrophages
  An eye of draining (D:11)
  2 sky beasts
  22 ogres
  14 crocodiles
  19 wolves
  4 centaurs
  10 bullfrogs
  A big kobold (D:11)
  2 gnoll sergeants (D:8)
  A wyvern zombie (D:9)
  2 scorpions
  10 killer bees
  7 electric eels
  6 howler monkeys
  5 crimson imps
  2 quasits
  2 centaur zombies
  8 hounds
  4 jellies
  2 bullfrog zombies
  2 bullfrog skeletons
  11 orc priests
  7 orc wizards
  A centaur skeleton (D:6)
  8 worker ants
  5 iguanas
  A hell rat (D:8)
  A hound zombie (D:5)
  A hound skeleton (D:9)
  2 worker ant zombies
  11 gnolls
  A howler monkey skeleton (D:5)
  13 adders
  A river rat (D:8)
  A shadow imp (D:12)
  An ooze (D:4)
  An adder skeleton (D:4)
  4 worms
  4 dart slugs
  5 leopard geckos
  46 orcs
  A ball python (D:1)
  5 giant cockroaches
  4 goblins
  3 hobgoblins
  7 jackals
  7 kobolds
  8 quokkas
  7 bats
  5 frilled lizards
  A jackal skeleton (D:4)
  A leopard gecko skeleton (D:5)
  2 rats
  A butterfly (Lair:3)
  9 plants
525 creatures vanquished.

Vanquished Creatures (collateral kills)
  A black bear (D:7)
1 creature vanquished.

Vanquished Creatures (others)
  22 fungi
  36 plants
58 creatures vanquished.

Grand Total: 584 creatures vanquished

Notes
Turn   | Place    | Note
-------+----------+-------------------------------------------
     0 | D:1      | inc the Octopode Venom Mage began the quest for the Orb.
     0 | D:1      | Reached XP level 1. HP: 11/11 MP: 3/3
   126 | D:1      | Reached XP level 2. HP: 16/17 MP: 0/5
   180 | D:1      | Reached skill level 4 in Poison Magic
   809 | D:2      | Reached XP level 3. HP: 15/21 MP: 0/7
   817 | D:2      | Learned a level 2 spell: Poisonous Vapours
   821 | D:2      | Learned a level 3 spell: Mephitic Cloud
  1166 | D:2      | Reached XP level 4. HP: 21/27 MP: 3/8
  1575 | D:2      | Reached XP level 5. HP: 16/31 MP: 1/11
  1932 | D:2      | Found a sparkling altar of Nemelex Xobeh.
  2422 | D:3      | Reached skill level 1 in Fighting
  2717 | D:3      | Found a glowing golden altar of the Shining One.
  2947 | D:4      | Reached XP level 6. HP: 29/39 MP: 6/13
  3199 | D:4      | Found Oderph's Book Boutique.
  3560 | D:5      | Entered Level 5 of the Dungeon
  3623 | D:5      | Reached skill level 5 in Spellcasting
  3660 | D:5      | Reached XP level 7. HP: 36/46 MP: 3/15
  4624 | D:5      | Reached XP level 8. HP: 52/54 MP: 17/17
  4731 | D:6      | Reached skill level 5 in Fighting
  4757 | D:6      | Noticed Grinder
  4758 | D:6      | Noticed w0lly's ghost (novice GnWn)
  5042 | D:6      | Noticed a two-headed ogre
  5059 | D:6      | Killed a two-headed ogre
  5059 | D:6      | Reached XP level 9. HP: 63/63 MP: 6/20
  5844 | D:7      | Found a staircase to the Ecumenical Temple.
  5853 | Temple   | Entered the Ecumenical Temple
  5941 | Temple   | Became a worshipper of Gozag Ym Sagoz the Greedy
  6118 | D:6      | Found Vohocapi's Magic Scroll Boutique.
  6244 | D:7      | Found a snail-covered altar of Cheibriados.
  6566 | D:7      | Gained mutation: You are partially covered in icy blue scales. (AC +2) [potion of mutation]
  6566 | D:7      | Gained mutation: Your system is resistant to poisons. (rPois) [potion of mutation]
  6566 | D:7      | Gained mutation: Your mind is acute. (Int +2) [potion of mutation]
  7168 | D:8      | Noticed kae's ghost (novice OpTm)
  7301 | D:8      | Noticed a death yak
  7302 | D:8      | Noticed a death yak
  7548 | D:8      | Learned a level 4 spell: Olgreb's Toxic Radiance
  7640 | D:8      | Found an ornate altar of the Wu Jian Council.
  7721 | D:8      | Noticed a death yak
  8530 | D:8      | Killed kae's ghost
  8530 | D:8      | Reached XP level 10. HP: 43/72 MP: 23/23
  8694 | D:8      | Found a staircase to the Lair.
  8967 | Lair:1   | Entered Level 1 of the Lair of Beasts
  9113 | Lair:1   | Reached skill level 5 in Dodging
  9560 | Lair:1   | Noticed a spiny frog
  9993 | Lair:1   | Noticed a spiny frog
 10012 | Lair:1   | Killed a spiny frog
 10718 | D:9      | Noticed a two-headed ogre
 10765 | D:9      | Killed a two-headed ogre
 10765 | D:9      | Reached skill level 10 in Spellcasting
 10765 | D:9      | Reached XP level 11. HP: 72/76 MP: 0/25
 10945 | D:9      | Reached skill level 5 in Poison Magic
 10948 | D:9      | Reached skill level 6 in Poison Magic
 11094 | D:9      | Reached skill level 7 in Poison Magic
 11333 | D:9      | Found Peabb's Armour Shoppe.
 11358 | D:9      | Noticed a two-headed ogre
 11366 | D:9      | Killed a two-headed ogre
 11366 | D:9      | Reached skill level 8 in Poison Magic
 11621 | D:9      | Found a burning altar of Makhleb.
 11758 | D:10     | Entered Level 10 of the Dungeon
 12019 | D:10     | Reached skill level 9 in Poison Magic
 12140 | D:10     | Found a portal to a secret trove of treasure.
 13310 | D:11     | Reached skill level 10 in Poison Magic
 13804 | D:11     | Noticed a two-headed ogre
 13827 | D:11     | Killed a two-headed ogre
 13827 | D:11     | Reached skill level 11 in Poison Magic
 14038 | D:11     | Noticed a manticore
 14056 | D:11     | Killed a manticore
 14059 | D:11     | Noticed a two-headed ogre
 14061 | D:11     | Noticed a four-headed hydra
 14172 | D:11     | Noticed a red ugly thing
 14175 | D:11     | Killed a two-headed ogre
 14175 | D:11     | Reached skill level 12 in Poison Magic
 14175 | D:11     | Reached XP level 12. HP: 31/82 MP: 6/26
 14962 | D:11     | Found a shimmering altar of Xom.
 15382 | D:12     | Reached skill level 13 in Poison Magic
 15481 | D:12     | Found a staircase to the Orcish Mines.
 15952 | D:12     | Noticed Snorg
 16252 | D:12     | Noticed Sonja
 16294 | Orc:1    | Entered Level 1 of the Orcish Mines
 16355 | D:12     | Learned a level 5 spell: Venom Bolt
 16732 | D:12     | Killed Snorg
 17266 | Orc:1    | Found a roughly hewn altar of Beogh.
 17432 | Orc:2    | Entered Level 2 of the Orcish Mines
 17757 | Orc:2    | Found a staircase to the Elven Halls.
 17923 | Orc:2    | Noticed a two-headed ogre
 17927 | Orc:2    | Noticed a two-headed ogre
 17937 | Orc:2    | Killed a two-headed ogre
 17949 | Orc:2    | Killed a two-headed ogre
 17949 | Orc:2    | Reached skill level 5 in Conjurations
 17962 | Orc:2    | Noticed a two-headed ogre
 17970 | Orc:1    | Noticed w0lly's ghost (journeyman GnWn)
 18280 | Orc:2    | Killed a two-headed ogre
 18469 | Orc:2    | Noticed a two-headed ogre
 18480 | Orc:2    | Noticed a two-headed ogre
 18484 | Orc:2    | Killed a two-headed ogre
 18490 | Orc:2    | Killed a two-headed ogre
 18490 | Orc:2    | Reached XP level 13. HP: 88/88 MP: 2/27
 18946 | Orc:2    | Reached skill level 1 in Short Blades
 19096 | Orc:2    | Noticed an ogre mage
 19105 | Orc:2    | Killed an ogre mage
 19169 | Orc:2    | Found Cisol's Antique Weapon Emporium.
 19171 | Orc:2    | Found Derauwne's Gadget Shoppe.
 19179 | Orc:2    | Found Vihiary's Antique Armour Shop.
 19190 | Orc:2    | Found Uceapuc's Antique Armour Shoppe.
 19262 | Orc:2    | Bought a fine shield for 256 gold pieces
 19270 | Orc:2    | Identified the +4 shield of the Loofah {Int+2 Dex+6} (You bought it in a shop on level 2 of the Orcish Mines)
 19583 | Orc:2    | Reached skill level 1 in Shields
 20001 | Orc:1    | Killed w0lly's ghost
 20435 | D:4      | Bought a book of the Earth for 845 gold pieces
 20876 | Lair:1   | Learned a level 6 spell: Iron Shot
 21052 | Lair:1   | Reached skill level 1 in Earth Magic
 21816 | Lair:2   | Found a staircase to the Shoals.
 22848 | Lair:3   | Found a bloodstained altar of Trog.
 22856 | Lair:3   | Reached skill level 5 in Earth Magic
 22876 | Lair:3   | Noticed Urug
 23477 | Lair:3   | Found a staircase to the Snake Pit.
 23486 | Snake:1  | Entered Level 1 of the Snake Pit
 23736 | Lair:3   | Killed Urug
 24378 | Lair:4   | Reached XP level 14. HP: 93/93 MP: 24/28
 24937 | Lair:4   | Noticed Harold
 25044 | Lair:5   | Found a staircase to the Slime Pits.
 25140 | Lair:5   | Found a labyrinth entrance.
 25162 | Lab      | Entered a labyrinth
 25688 | Lair:5   | Learned a level 5 spell: Borgnjor's Vile Clutch
 25793 | Lair:5   | Reached skill level 1 in Necromancy
 26908 | Lair:4   | Killed Harold
 26917 | Lair:4   | Reached skill level 5 in Necromancy
 27227 | Lair:5   | Found an ancient bone altar of Kikubaaqudgha.
 27431 | Lair:4   | Got a warped spear
 27432 | Lair:4   | Identified the +5 spear of Vuujaheil {flame, Int+2} (You found it on level 4 of the Lair of Beasts)
 27495 | Lair:6   | Entered Level 6 of the Lair of Beasts
 27742 | Lair:6   | Learned a level 5 spell: Bolt of Magma
 27949 | Lair:6   | Found a hazy altar of Hepliaklqana.
 27989 | Lair:6   | Reached skill level 1 in Fire Magic
 29089 | Lair:6   | Bought a ration for 55 gold pieces
 29089 | Lair:6   | Bought a ration for 55 gold pieces
 29089 | Lair:6   | Bought a ration for 55 gold pieces
 29089 | Lair:6   | Bought a ration for 55 gold pieces
 29089 | Lair:6   | Bought a ration for 55 gold pieces
 29089 | Lair:6   | Bought a ration for 55 gold pieces
 29089 | Lair:6   | Bought a ration for 55 gold pieces
 29121 | Lair:6   | Bought the ring "Axkoim" {MR+ MP+9} for 554 gold pieces
 30895 | Lair:3   | Noticed kalagan's ghost (journeyman DESu)
 31518 | Lair:2   | Reached XP level 15. HP: 99/99 MP: 31/31
 31580 | Shoals:1 | Entered Level 1 of the Shoals
 31593 | Shoals:1 | Demolished by an alligator snapping turtle

Skill      XL: |  1  2  3  4  5  6  7  8  9 10 11 12 13 14 |
---------------+-------------------------------------------+-----
Poison Magic   | 4 12 13 | 13.7
Spellcasting   | 3 4 5 6 7 9 10 12 | 12.0
Fighting       | 1 3 4 6 7 |  7.7
Dodging        | 4 7 |  7.7
Stealth        | 7 |  7.2
Conjurations   | 8 9 |  9.7
Short Blades   | 4 |  4.1
Shields        | 4 |  4.4
Earth Magic    | 7 8 |  8.6
Necromancy     | 5 |  5.5
Fire Magic     | 4 |  4.4

Action                   |  1- 3 |  4- 6 |  7- 9 | 10-12 | 13-15 || total
-------------------------+-------+-------+-------+-------+-------++-------
Melee: Whip              |    18 |    24 |       |       |       ||    42
       Tentacles         |     4 |     5 |    14 |    28 |    79 ||   130
       Constrict         |     3 |    14 |    25 |    24 |    49 ||   115
       Dagger            |       |    30 |   152 |   211 |   436 ||   829
 Cast: Sting             |    46 |     2 |       |       |       ||    48
       Poisonous Vapours |     3 |    63 |   140 |   290 |   149 ||   645
       Mephitic Cloud    |       |       |     4 |    16 |    14 ||    34
       Olgreb's Toxic Ra |       |       |       |    76 |    99 ||   175
       Venom Bolt        |       |       |       |     8 |     3 ||    11
       Borgnjor's Vile C |       |       |       |       |    13 ||    13
       Bolt of Magma     |       |       |       |       |     6 ||     6
Invok: Call Merchant     |       |       |       |       |     2 ||     2
  Use: Scroll            |       |       |    17 |     7 |     6 ||    30
       Potion            |       |       |     4 |     2 |     1 ||     7
 Stab: Sleeping          |       |     2 |    14 |     7 |     7 ||    30
       Confused          |       |       |       |     3 |     1 ||     4
       Distracted        |       |       |       |     1 |     3 ||     4
  Eat: Chunk             |     1 |     9 |     8 |       |       ||    18
       Ration            |       |       |     3 |    11 |    13 ||    27
Armor: Skin              |     1 |     8 |     5 |    34 |    24 ||    72
Dodge: Dodged            |    19 |    39 |   104 |   209 |   232 ||   603
Block: Shield            |       |       |       |       |    82 ||    82
       Buckler           |       |       |       |       |    73 ||    73
